 Dungeon Crawl Stone Soup version 0.21.1-1-g345015f (webtiles) character file.

855 Kagorn the Skirmisher (level 7, -3/71 HPs)
             Began as a Troll Berserker on July 5, 2018.
             Was a Priest of Trog.
             Slain by a bullfrog (6 damage)
             ... on level 5 of the Dungeon.
             The game lasted 00:23:26 (3914 turns).

Kagorn the Skirmisher (Troll Berserker)             Turns: 3914, Time: 00:23:27

Health: -3/71      AC:  6    Str: 24 (27) XL:     7   Next: 70%
Magic:  6/6        EV: 10    Int:  7 (8)  God:    Trog [***...]
Gold:   215        SH:  0    Dex:  8 (10) Spells: 6/6 levels left

rFire    + . .     SeeInvis .   v - +0 giant spiked club
rCold    + . .     Gourm    +   (shield currently unavailable)
rNeg     . . .     Faith    .   t - +0 robe
rPois    +         Spirit   .   (helmet restricted)
rElec    +         Reflect  .   d - +0 cloak
rCorr    +         Harm     .   (gloves unavailable)
MR       .....                  (boots unavailable)
Stlth    ++........             (no amulet)
HPRegen  0.61/turn              (no ring)
MPRegen  0.10/turn              (no ring)

@: brilliant, resistant, berserk cooldown, slowed, very slow
A: large, unfitting armour, claws 3, fast metabolism 3, gourmand, regeneration
1, shaggy fur 1, tough skin 2
a: Berserk, Trog's Hand, Burn Spellbooks, Renounce Religion


You were on level 5 of the Dungeon.
You worshipped Trog.
Trog was most pleased with you.
You were very full.

You visited 1 branch of the dungeon, and saw 5 of its levels.

You collected 215 gold pieces.

Inventory:

Hand Weapons
 a - a +0 hand axe
 v - a +0 giant spiked club (weapon)
Armour
 b - a +0 animal skin
 d - a +0 cloak (worn)
 t - a +0 robe (worn)
Wands
 m - a wand of enslavement (19)
Scrolls
 e - 7 scrolls of identify {unknown}
 g - 2 scrolls of remove curse {unknown}
 i - 2 scrolls of teleportation {unknown}
 k - a scroll of enchant weapon {unknown}
 l - a scroll of fog {unknown}
 n - 2 scrolls of amnesia {unknown}
 p - 2 scrolls of random uselessness {unknown}
 r - a scroll of blinking {unknown}
 u - a scroll of immolation {unknown}
Potions
 f - 2 potions of magic {unknown}
 j - a potion of degeneration
 s - a potion of curing {unknown}
Comestibles
 c - 11 rations
 q - 2 chunks of flesh


   Skills:
 * Level 4.6 Fighting
 - Level 4.2(4.3) Axes
 + Level 1.0(3.1) Maces & Flails
 + Level 2.3 Armour
 + Level 3.5 Dodging
 + Level 1.8 Stealth


You had 6 spell levels left.
You didn't know any spells.

Dungeon Overview and Level Annotations

Branches:
Dungeon (5/15)             Temple (0/1) D:5

Altars:
Cheibriados
Fedhas
Ru
Sif Muna

Shops:
D:4 (


Innate Abilities, Weirdness & Mutations

You are too large for most types of armour.
You have claws for hands.
Your metabolism is lightning-fast.
You like to eat raw meat.
Your natural rate of healing is unusually fast.
You are covered in fur. (AC +1)
You have very tough skin. (AC +2)


Message History

The bullfrog hits you.
* * * LOW HITPOINT WARNING * * *
The bullfrog hits you.
* * * LOW HITPOINT WARNING * * *
You see here a black potion.
It was a potion of degeneration.
There was something very wrong with that liquid.
You feel weakened.
You feel dopey.
You feel clumsy.
The bullfrog hits you but does no damage.
The bullfrog barely misses you.
It was a potion of resistance.
You feel protected. The bullfrog hits you.
* * * LOW HITPOINT WARNING * * *
The bullfrog barely misses you.
You barely miss the bullfrog.
The bullfrog is moderately wounded.
The bullfrog barely misses you. The bullfrog completely misses you.
The bullfrog barely misses you. The bullfrog hits you.
You die...

###############
...........#...
...........'...
...........#...
..........##...
..........##...
###############....#....
..............#....#....
.......@......'..[.#....
........F.....#....##...
...?..........#######...
..............#....##...
..............#....##...
..............#.........
...[..........#........#
#######+#.....#........8
#.....#........8


You could see a bullfrog.

Vanquished Creatures
  Grinder (D:3)
  A phantom (D:4)
  An ogre (D:4)
  A centaur (D:5)
  A scorpion (D:4)
  A hound (D:4)
  An orc wizard (D:4)
  Jessica (D:3)
  4 worker ants (D:4)
  A hound skeleton (D:2)
  5 adders
  A shadow imp (D:5)
  An ooze (D:2)
  2 adder skeletons (D:2)
  2 worms
  4 dart slugs
  2 leopard geckos
  5 orcs (D:4)
  A bat skeleton (D:2)
  A bat zombie (D:2)
  6 giant cockroaches
  7 hobgoblins
  5 jackals (D:1)
  4 kobolds
  2 quokkas (D:5)
  8 bats
  4 frilled lizards
  10 goblins
  A leopard gecko zombie (D:2)
  13 rats
  A plant (D:4)
98 creatures vanquished.

Notes
Turn   | Place    | Note
-------+----------+-------------------------------------------
     0 | D:1      | Kagorn the Troll Berserker began the quest for the Orb.
     0 | D:1      | Reached XP level 1. HP: 22/22 MP: 0/0
   163 | D:1      | Reached XP level 2. HP: 29/29 MP: 1/1
   284 | D:1      | Reached XP level 3. HP: 14/36 MP: 2/2
   479 | D:1      | Reached ** piety under Trog
   989 | D:2      | Reached XP level 4. HP: 45/45 MP: 3/3
  1400 | D:2      | Found a blossoming altar of Fedhas.
  1503 | D:2      | Reached skill level 1 in Armour
  2027 | D:3      | Noticed Jessica
  2033 | D:3      | Killed Jessica
  2033 | D:3      | Reached skill level 1 in Stealth
  2033 | D:3      | Reached XP level 5. HP: 53/53 MP: 4/4
  2183 | D:3      | Found a sacrificial altar of Ru.
  2541 | D:3      | Noticed Grinder
  2559 | D:3      | Killed Grinder
  2559 | D:3      | Reached XP level 6. HP: 62/62 MP: 5/5
  3068 | D:4      | Reached *** piety under Trog
  3090 | D:4      | Found Omeigiet's Weapon Shoppe.
  3148 | D:4      | Found a snail-covered altar of Cheibriados.
  3154 | D:4      | Found a deep blue altar of Sif Muna.
  3196 | D:4      | Reached XP level 7. HP: 61/70 MP: 6/6
  3734 | D:5      | Entered Level 5 of the Dungeon
  3779 | D:5      | Reached skill level 1 in Maces & Flails
  3815 | D:5      | Found a staircase to the Ecumenical Temple.
  3913 | D:5      | HP: 1/71 [bullfrog (4)]
  3914 | D:5      | Slain by a bullfrog

Skill      XL: |  1  2  3  4  5  6  7 |
---------------+----------------------+-----
Axes           | 3 4 |  4.2
Fighting       | 3 4 |  4.6
Armour         | 1 2 |  2.3
Stealth        | 1 |  1.8
Dodging        | 3 |  3.5
Maces & Flails | 1 |  1.0

Action                   |  1- 3 |  4- 6 |  7- 9 || total
-------------------------+-------+-------+-------++-------
Melee: Hand axe          |   100 |   214 |    13 ||   327
       Giant spiked club |       |       |    52 ||    52
Invok: Berserk           |       |     1 |     1 ||     2
       Trog's Hand       |       |     1 |     1 ||     2
  Use: Potion            |       |       |     3 ||     3
 Stab: Sleeping          |     1 |     4 |     3 ||     8
  Eat: Chunk             |    15 |    22 |     6 ||    43
Armor: Animal skin       |    71 |    55 |       ||   126
       Robe              |       |    42 |    39 ||    81
Dodge: Dodged            |    82 |   110 |    73 ||   265
